 Dungeon Crawl Stone Soup version 0.27-a0-1202-ge72e49191c (webtiles) character file.

Game seed: 16221755521090448164

1 Spittle the Shield-Bearer (level 1, 0/18 HPs)
             Began as a Human Fighter on June 4, 2021.
             Frozen to death by an endoplasm (3 damage)
             ... on level 1 of the Dungeon.
             The game lasted 00:00:05 (117 turns).

Spittle the Shield-Bearer (Human Fighter)            Turns: 117, Time: 00:00:09

Health: 0/18       AC:  6    Str: 16    XL:     1   Next: 22%
Magic:  1/1        EV:  6    Int:  8    God:
Gold:   0          SH:  8    Dex: 12    Spells: 0/0 levels left

rFire    . . .     SeeInvis .   a - +0 long sword
rCold    . . .     Faith    .   c - +0 kite shield
rNeg     . . .     Spirit   .   b - +0 scale mail
rPois    .         Reflect  .   (no helmet)
rElec    .         Harm     .   (no cloak)
rCorr    .         Rampage  .   (no gloves)
Will     .....                  (no boots)
Stlth    ..........             (no amulet)
HPRegen  0.06/turn              (no ring)
MPRegen  0.07/turn              (no ring)

@: no status effects
A: no striking features
a: no special abilities


You were on level 1 of the Dungeon.
You visited 1 branch of the dungeon, and saw 1 of its levels.

Inventory:

Hand Weapons
 a - a +0 long sword (weapon)
Armour
 b - a +0 scale mail (worn)
 c - a +0 kite shield (worn)
Potions
 d - a potion of might


   Skills:
 + Level 3.0 Fighting
 + Level 2.0 Long Blades
 + Level 3.0 Armour
 + Level 3.0 Shields


You couldn't memorise any spells.
You didn't know any spells.
Your spell library was empty.

Dungeon Overview and Level Annotations

Branches:
Dungeon (1/15)

Altars:


Message History

The giant cockroach bites the fungus.
You hit the fungus.
The fungus is lightly damaged.
A nearby fungus withers and dies.
The giant cockroach waves its antennae.
The giant cockroach bites the fungus. x2
You slash the fungus!
The fungus is lightly damaged.
A nearby fungus withers and dies.
The giant cockroach bites the fungus. x2
A nearby fungus withers and dies.
The endoplasm hits you.
You hit the toadstool but do no damage.
The endoplasm hits you but does no damage.
The endoplasm jiggles.
The endoplasm hits you.
You hit the endoplasm.
The endoplasm is moderately wounded.
The giant cockroach waves its antennae.
You block the endoplasm's attack.
The giant cockroach bites you but does no damage.
The endoplasm hits you but does no damage.
You barely miss the giant cockroach.
The giant cockroach bites you but does no damage.
You block the endoplasm's attack. The giant cockroach bites you.
The endoplasm hits you.
You slash the giant cockroach!
You kill the giant cockroach!
The endoplasm freezes you.
You are frozen.
You block the endoplasm's attack.
You see here a giant cockroach corpse.
The endoplasm freezes you.
You are frozen.
* * * LOW HITPOINT WARNING * * *
You hit the endoplasm.
The endoplasm is heavily wounded.
The endoplasm jiggles.
The endoplasm barely misses you. The endoplasm freezes you.
You are frozen.
You die...

######..#
#.#.........#
#..# #.##.......#
#.#...####.....##
#.#### ##...##
#.# ##'## #.# #.#
#.# ##.#####
#@†PPPP#
#.JP$$$P..#
.....P$$$P..#
#####.P$$$P#.#
#..PPP....
#....###.# ###.##
.# ..


You could see an endoplasm.

Vanquished Creatures
  A giant cockroach (D:1)
1 creature vanquished.

Vanquished Creatures (others)
  3 fungi (D:1)
3 creatures vanquished.

Grand Total: 4 creatures vanquished

Notes
Turn   | Place    | Note
-------+----------+-------------------------------------------
     0 | D:1      | Spittle the Human Fighter began the quest for the Orb.
     0 | D:1      | Reached XP level 1. HP: 18/18 MP: 1/1
   117 | D:1      | Frozen to death by an endoplasm

Illustrated notes

Levels and vault maps discovered:
D:1:      nagdon_arrival_double_spiral, layout_loops_corners,
          minmay_misc_feat_nine_boxes, minmay_gold_behind_fungi

Action                   || total
-------------------------++-------
Melee: Long sword        ||     8
Armor: Scale mail        ||     4
Dodge: Dodged            ||     1
Block: Kite shield       ||     3

Table legend: (Time is in decaauts)
 A = Elapsed time spent in this place.
 B = Non-inter-level travel time spent in this place.
 C = Inter-level travel time spent in this place.
 D = Time resting spent in this place.
 E = Time spent auto-exploring this place.
 F = Levels seen in this place.
 G = Mean time per level.
                   A        B        C        D        E       F      G
               +--------+--------+--------+--------+--------+-----+--------+
         Total |    120 |    120 |      0 |      0 |    104 |   1 |  120.0 |
       Dungeon |    120 |    120 |      0 |      0 |    104 |   1 |  120.0 |
               +--------+--------+--------+--------+--------+-----+--------+

Top non-repeatable levels by time:
     D:1: 120 daAuts
